 Dungeon Crawl Stone Soup version 0.26-a0-642-g67e99244d3 (webtiles) character file.

Game seed: 131308708186184077

25274 kroki the Blocker (level 13, 0/103 HPs)
             Began as a Gnoll Fighter on Sept 22, 2020.
             Was an Initiate of Gozag.
             Slain by an ice devil (9 damage)
             ... in an ice cave.
             The game lasted 00:08:15 (11885 turns).

kroki the Blocker (Gnoll Fighter)                  Turns: 11885, Time: 00:08:15

Health: 0/103      AC: 19    Str: 22    XL:     13   Next: 18%
Magic:  24/24      EV: 10    Int: 11    God:    Gozag
Gold:   385        SH: 12    Dex: 16    Spells: 27/27 levels left

rFire    + . .     SeeInvis .   N - +0 scimitar (flame)
rCold    . . .     Faith    .   c - +0 kite shield
rNeg     . . .     Spirit   .   j - +1 plate armour
rPois    .         Reflect  .   (no helmet)
rElec    .         Harm     .   H - +1 cloak {rCorr}
rCorr    +         Rampage  .   (no gloves)
MR       +....                  A - +0 pair of boots
Stlth    ..........             i - amulet of regeneration {+regen, !d}
HPRegen  0.67/turn              k - ring of protection from fire {rF+, !d}
MPRegen  0.19/turn              B - ring of protection from magic {MR+, !d}

@: no status effects
A: distributed training, fangs 1, strong nose
a: Potion Petition, Call Merchant, Bribe Branch, Renounce Religion


You were in an ice cave.
You worshipped Gozag.
Gozag was aware of your devotion.
You visited 3 branches of the dungeon, and saw 12 of its levels.
You also visited: Ice Cave.

You collected 1379 gold pieces.
You spent 157 gold pieces at shops.
You paid 837 gold pieces to Gozag.

Inventory:

Hand Weapons
 a - a +1 trident
 n - a +6 great sword
   (You took it off Urug on level 1 of the Lair of Beasts)
 y - a +0 dagger of speed
   (You found it on level 4 of the Dungeon)
 z - a +2 short sword of draining
   (You took it off an orc on level 4 of the Dungeon)
 J - a +3 trident
   (You took it off a wight on level 8 of the Dungeon)
 N - a +0 scimitar of flaming (weapon)
   (You took it off Erica on level 1 of the Lair of Beasts)
Armour
 b - a +0 scale mail
 c - a +0 kite shield (worn)
 j - a +1 plate armour (worn)
   (You found it on level 1 of the Dungeon)
 A - a +0 pair of boots (worn)
   (You found it on level 5 of the Dungeon)
 H - a +1 cloak of preservation (worn)
   (You bought it in a shop on level 7 of the Dungeon)
Jewellery
 e - an uncursed amulet of inaccuracy
   (You found it on level 1 of the Dungeon)
 i - an amulet of regeneration (around neck) {+regen, !d}
   (You found it on level 1 of the Dungeon)
 k - a ring of protection from fire (left hand) {rF+, !d}
   (You found it on level 1 of the Dungeon)
 s - an uncursed amulet of faith {Faith, !P}
   (You found it on level 3 of the Dungeon)
 B - a ring of protection from magic (right hand) {MR+, !d}
   (You found it on level 5 of the Dungeon)
 O - a cursed ring of teleportation {unknown}
   (You found it on level 1 of the Lair of Beasts)
Wands
 l - a wand of enslavement (6)
   (You found it on level 6 of the Dungeon)
 p - a wand of digging (3)
   (You took it off Grum on level 8 of the Dungeon)
 C - a wand of polymorph (16)
   (You found it on level 6 of the Dungeon)
 K - a wand of flame (20)
   (You found it on level 1 of the Lair of Beasts)
 M - a wand of paralysis (6)
   (You found it on level 1 of the Lair of Beasts)
Scrolls
 f - 2 scrolls of enchant armour
 h - 3 scrolls of blinking {!r}
 m - 2 scrolls of amnesia
 o - a scroll of immolation {!r}
 q - 3 scrolls of teleportation
 v - 5 scrolls of enchant weapon
 w - 2 scrolls of fog
 x - 3 scrolls of magic mapping {!r}
 D - 6 scrolls of identify
 F - 3 scrolls of remove curse
Potions
 g - 2 potions of curing
 r - 2 potions of degeneration {!q}
 t - 4 potions of flight
 u - 3 potions of stabbing
 G - a potion of resistance {unknown}


   Skills:
 + Level 10.1 Fighting
 + Level 7.7 Short Blades
 + Level 7.7 Long Blades
 + Level 7.7 Axes
 + Level 7.7 Maces & Flails
 + Level 9.0 Polearms
 + Level 7.7 Staves
 + Level 7.7 Slings
 + Level 7.7 Bows
 + Level 7.7 Crossbows
 + Level 7.7 Throwing
 + Level 10.1 Armour
 + Level 7.7 Dodging
 + Level 7.7 Stealth
 + Level 10.1 Shields
 + Level 7.7 Unarmed Combat
 + Level 7.7 Spellcasting
 + Level 6.4 Conjurations
 + Level 6.4 Hexes
 + Level 6.4 Summonings
 + Level 6.4 Necromancy
 + Level 6.4 Translocations
 + Level 6.4 Transmutations
 + Level 6.4 Fire Magic
 + Level 6.4 Ice Magic
 + Level 6.4 Air Magic
 + Level 6.4 Earth Magic
 + Level 6.4 Poison Magic
 + Level 8.4 Invocations
 + Level 7.7 Evocations


You had 27 spell levels left.
You didn't know any spells.
Your spell library contained the following spells:

 Spells                   Type           Power        Failure   Level
 Corona                   Hex            ###....      30%         1
 Slow                     Hex            ###.....     41%         2
 Confusing Touch          Hex            ###.....     65%         3
 Gell's Gravitas          Tloc           ###.......   65%         3
 Inner Flame              Hex/Fire       ###.....     65%         3
 Portal Projectile        Hex/Tloc       ###...       65%         3
 Cause Fear               Hex            ###.......   96%         4
 Leda's Liquefaction      Hex/Erth       ###.......   96%         4
 Petrify                  Tmut/Erth      ###.....     96%         4
 Metabolic Englaciation   Hex/Ice        ###.......   100%        5
 Yara's Violent Unravell  Hex/Tmut       ###.......   100%        5


Dungeon Overview and Level Annotations

Branches:
Dungeon (8/15)             Temple (1/1) D:7            Lair (3/6) D:8
 Spider (0/4) Lair:2        IceCv (1/1)
  Swamp: Lair:2-4    Shoals: Lair:2-4

Altars:
Dithmenos
Elyvilon
Fedhas
Gozag
Hepliaklqana
Kikubaaqudgha
Makhleb
Okawaru
Uskayaw
Vehumet
Yredelemnul
Zin
The Shining One

Shops:
D:7 [   Lair:3 [

Annotations:
IceCv exclusion: 2 ice statues


Innate Abilities, Weirdness & Mutations

Your experience applies equally to all skills.
You have very sharp teeth.
Your uncanny sense of smell can sniff out nearby items.


Message History

There are monsters nearby!
You hit the ice devil but do no damage. You block the ice devil's attack.
You block the ice beast's attack. The ice beast closely misses you.
Health restored: 103
There are monsters nearby!
You slash the ice devil! You burn the ice devil.
You bite the ice devil, but do no damage.
You block the ice devil's attack. The ice beast completely misses you.
The ice beast hits you but does no damage.
You barely miss the ice devil. Your bite misses the ice devil.
The ice devil hits you but does no damage.
You block the ice beast's attack. The ice beast barely misses you.
There are monsters nearby!
You hit the ice devil but do no damage. You block the ice devil's attack.
The ice beast hits you but does no damage.
You block the ice beast's attack.
You hit the ice devil but do no damage.
The ice devil hits you but does no damage.
The ice beast closely misses you.
The ice beast hits you but does no damage.
There are monsters nearby!
You hit the ice devil. You burn the ice devil.
The ice devil closely misses you.
You riposte.
You closely miss the ice devil. The ice beast barely misses you.
You riposte.
You closely miss the ice beast. You bite the ice beast.
The ice beast closely misses you.
You hit the ice devil but do no damage. The ice devil hits you.
The ice devil freezes you! You block the ice beast's attack.
The ice beast barely misses you.
You take 13 damage, and have 90/103 hp.
You hit the ice devil but do no damage.
You bite the ice devil, but do no damage.
The ice devil closely misses you.
You riposte.
You hit the ice devil but do no damage.
You bite the ice devil, but do no damage.
You block the ice beast's attack. The ice beast misses you.
There are monsters nearby!
Your plate armour prevents you from hitting the ice devil.
The ice devil hits you but does no damage.
The ice beast barely misses you.
You riposte.
You hit the ice beast but do no damage.
The ice beast hits you but does no damage.
You block the ice devil's attack.
There are monsters nearby!
You closely miss the ice devil. Your bite misses the ice devil.
The ice beast closely misses you.
You riposte.
You hit the ice beast but do no damage. You block the ice beast's attack.
The ice devil hits you. The ice devil freezes you!
You closely miss the ice devil. You bite the ice devil.
You block the ice beast's attack. The ice beast barely misses you.
The ice devil hits you but does no damage.
You take 14 damage, and have 77/103 hp.
You hit the ice devil. You burn the ice devil. Your bite misses the ice devil.
The ice beast barely misses you. x2; You riposte.
You closely miss the ice beast. You block the ice devil's attack.
There are monsters nearby!
You closely miss the ice devil.
The ice beast hits you but does no damage.
You block the ice beast's attack. The ice devil hits you!
The ice devil freezes you!!
You take 27 damage, and have 50/103 hp.
MASSIVE DAMAGE!!
You closely miss the ice devil. You block the ice beast's attack.
The ice beast hits you but does no damage.
You block the ice devil's attack.
There are monsters nearby!
You are too injured to fight recklessly!
You completely miss the ice devil.
You bite the ice devil, but do no damage.
The ice beast hits you but does no damage. x2
You block the ice devil's attack.
There are monsters nearby!
You are too injured to fight recklessly!
You hit the ice devil. You burn the ice devil.
The ice beast hits you but does no damage.
You block the ice beast's attack.
The ice devil hits you but does no damage.
There are monsters nearby!
You hit the ice devil. You burn the ice devil.
You bite the ice devil, but do no damage.
You block the ice beast's attack. x2; The ice devil hits you!
The ice devil freezes you!!
* * * LOW HITPOINT WARNING * * *
You take 24 damage, and have 28/103 hp.
MASSIVE DAMAGE!!
You hit the ice devil. You burn the ice devil. The ice beast misses you.
The ice beast barely misses you.
You riposte.
You hit the ice beast but do no damage.
You bite the ice beast, but do no damage.
The ice devil hits you.
* * * LOW HITPOINT WARNING * * *
The ice devil freezes you!
* * * LOW HITPOINT WARNING * * *
You take 9 damage, and have 19/103 hp.
There are monsters nearby!
You are too injured to fight recklessly!
You hit the ice devil but do no damage. The ice beast hits you.
* * * LOW HITPOINT WARNING * * *
The ice beast freezes you!
* * * LOW HITPOINT WARNING * * *
The ice beast misses you. The ice devil hits you!
You die...
Your body crumbles into a pile of gold.

#####
##...##
##.....##
#.Y.∩...#
#@4.∩...#
##Y....##
##...##
##...#
#...##
#...##
##...#
####...##
##8#.....#8#


You could see an ice devil and 2 ice beasts.

Vanquished Creatures
  Urug (Lair:1)
  Erica (Lair:1)
  2 death yaks (D:7)
  Nergalle (Lair:2)
  A black mamba (Lair:1)
  A cane toad (Lair:3)
  3 komodo dragons
  A rime drake (Lair:2)
  4 ice devils (IceCv)
  Prince Ribbit (D:6)
  11 blink frogs
  2 hippogriffs
  A redback (Lair:2)
  6 yaks (Lair:1)
  Grum (D:8)
  A basilisk (Lair:2)
  Menkaure (D:5)
  Duvessa (D:6)
  7 porcupines
  4 water moccasins
  A sky beast (D:6)
  An ice beast (Lair:1)
  2 black bears
  4 ogres
  3 wolves (D:8)
  A centaur (D:6)
  3 crocodiles
  10 bullfrogs
  A big kobold (D:7)
  Dowan (D:6)
  3 scorpions
  A wyvern skeleton (D:6)
  6 wights (D:8)
  A howler monkey (D:5)
  A bullfrog zombie (D:7)
  4 hounds
  2 jellies (D:6)
  2 orc priests (D:8)
  2 bullfrog skeletons
  A centaur skeleton (D:5)
  5 orc wizards
  An iguana (D:6)
  9 worker ants
  2 hound zombies
  A hound skeleton (D:6)
  A howler monkey zombie (D:5)
  7 gnolls
  8 adders
  2 shadow imps (D:7)
  10 white imps
  2 ufetubi
  An ooze (D:6)
  A dart slug (D:5)
  A worm (D:2)
  4 leopard geckos
  22 orcs
  7 bats
  4 giant cockroaches
  2 goblins
  4 hobgoblins
  3 quokkas
  2 ball pythons
  2 frilled lizards
  A jackal skeleton (D:5)
  12 kobolds
  A quokka zombie (D:6)
  2 rats
218 creatures vanquished.

Vanquished Creatures (collateral kills)
  A hydra (Lair:1)
  A wyvern (Lair:3)
  A basilisk (Lair:3)
3 creatures vanquished.

Vanquished Creatures (others)
  13 fungi
  16 plants
  2 withered plants (D:5)
31 creatures vanquished.

Grand Total: 252 creatures vanquished

Notes
Turn   | Place    | Note
-------+----------+-------------------------------------------
     0 | D:1      | kroki the Gnoll Fighter began the quest for the Orb.
     0 | D:1      | Reached XP level 1. HP: 23/23 MP: 1/1
   367 | D:1      | Reached XP level 2. HP: 29/29 MP: 2/2
  1040 | D:2      | Reached XP level 3. HP: 30/35 MP: 3/3
  1132 | D:2      | Found a white marble altar of Elyvilon.
  1181 | D:2      | Reached skill level 1 in Invocations
  1596 | D:2      | Found a hazy altar of Hepliaklqana.
  1599 | D:2      | Found a shadowy altar of Dithmenos.
  1599 | D:2      | Noticed a shadow
  1607 | D:2      | Reached skill level 1 in Short Blades
  1607 | D:2      | Reached skill level 1 in Long Blades
  1607 | D:2      | Reached skill level 1 in Axes
  1607 | D:2      | Reached skill level 1 in Maces & Flails
  1607 | D:2      | Reached skill level 1 in Staves
  1607 | D:2      | Reached skill level 1 in Slings
  1607 | D:2      | Reached skill level 1 in Bows
  1607 | D:2      | Reached skill level 1 in Crossbows
  1607 | D:2      | Reached skill level 1 in Throwing
  1607 | D:2      | Reached skill level 1 in Dodging
  1607 | D:2      | Reached skill level 1 in Stealth
  1607 | D:2      | Reached skill level 1 in Unarmed Combat
  1607 | D:2      | Reached skill level 1 in Spellcasting
  1607 | D:2      | Reached skill level 1 in Evocations
  1806 | D:3      | Reached XP level 4. HP: 24/41 MP: 5/5
  1994 | D:3      | Reached skill level 1 in Conjurations
  1994 | D:3      | Reached skill level 1 in Hexes
  1994 | D:3      | Reached skill level 1 in Summonings
  1994 | D:3      | Reached skill level 1 in Necromancy
  1994 | D:3      | Reached skill level 1 in Translocations
  1994 | D:3      | Reached skill level 1 in Transmutations
  1994 | D:3      | Reached skill level 1 in Fire Magic
  1994 | D:3      | Reached skill level 1 in Ice Magic
  1994 | D:3      | Reached skill level 1 in Air Magic
  1994 | D:3      | Reached skill level 1 in Earth Magic
  1994 | D:3      | Reached skill level 1 in Poison Magic
  2613 | D:3      | Found a glowing golden altar of the Shining One.
  2779 | D:4      | Reached XP level 5. HP: 47/47 MP: 5/7
  2894 | D:4      | Reached skill level 2 in Invocations
  2894 | D:4      | Reached XP level 6. HP: 53/53 MP: 8/8
  2925 | D:4      | Reached skill level 5 in Polearms
  3011 | D:4      | Reached skill level 2 in Short Blades
  3011 | D:4      | Reached skill level 2 in Long Blades
  3011 | D:4      | Reached skill level 2 in Axes
  3011 | D:4      | Reached skill level 2 in Maces & Flails
  3011 | D:4      | Reached skill level 2 in Staves
  3011 | D:4      | Reached skill level 2 in Slings
  3011 | D:4      | Reached skill level 2 in Bows
  3011 | D:4      | Reached skill level 2 in Crossbows
  3011 | D:4      | Reached skill level 2 in Throwing
  3011 | D:4      | Reached skill level 2 in Dodging
  3011 | D:4      | Reached skill level 2 in Stealth
  3011 | D:4      | Reached skill level 2 in Unarmed Combat
  3011 | D:4      | Reached skill level 2 in Spellcasting
  3011 | D:4      | Reached skill level 2 in Evocations
  3095 | D:4      | Reached XP level 7. HP: 59/59 MP: 10/10
  3143 | D:4      | Reached skill level 7 in Fighting
  3143 | D:4      | Reached skill level 7 in Armour
  3143 | D:4      | Reached skill level 7 in Shields
  3772 | D:5      | Entered Level 5 of the Dungeon
  3812 | D:5      | Reached skill level 2 in Conjurations
  3812 | D:5      | Reached skill level 2 in Hexes
  3812 | D:5      | Reached skill level 2 in Summonings
  3812 | D:5      | Reached skill level 2 in Necromancy
  3812 | D:5      | Reached skill level 2 in Translocations
  3812 | D:5      | Reached skill level 2 in Transmutations
  3812 | D:5      | Reached skill level 2 in Fire Magic
  3812 | D:5      | Reached skill level 2 in Ice Magic
  3812 | D:5      | Reached skill level 2 in Air Magic
  3812 | D:5      | Reached skill level 2 in Earth Magic
  3812 | D:5      | Reached skill level 2 in Poison Magic
  3896 | D:5      | Found an ancient bone altar of Kikubaaqudgha.
  4077 | D:5      | Reached skill level 3 in Invocations
  4265 | D:5      | Noticed Menkaure
  4279 | D:5      | HP: 22/90 [Menkaure (3)]
  4282 | D:5      | Killed Menkaure
  4282 | D:5      | Reached skill level 3 in Short Blades
  4282 | D:5      | Reached skill level 3 in Long Blades
  4282 | D:5      | Reached skill level 3 in Axes
  4282 | D:5      | Reached skill level 3 in Maces & Flails
  4282 | D:5      | Reached skill level 3 in Staves
  4282 | D:5      | Reached skill level 3 in Slings
  4282 | D:5      | Reached skill level 3 in Bows
  4282 | D:5      | Reached skill level 3 in Crossbows
  4282 | D:5      | Reached skill level 3 in Throwing
  4282 | D:5      | Reached skill level 3 in Dodging
  4282 | D:5      | Reached skill level 3 in Stealth
  4282 | D:5      | Reached skill level 3 in Unarmed Combat
  4282 | D:5      | Reached skill level 3 in Spellcasting
  4282 | D:5      | Reached skill level 3 in Evocations
  4282 | D:5      | Reached XP level 8. HP: 22/67 MP: 12/12
  4968 | D:6      | Noticed Duvessa
  4973 | D:6      | Noticed Dowan
  4996 | D:6      | Killed Duvessa
  5011 | D:6      | Killed Dowan
  5075 | D:6      | Noticed Prince Ribbit
  5086 | D:6      | Killed Prince Ribbit
  5086 | D:6      | Reached skill level 3 in Conjurations
  5086 | D:6      | Reached skill level 3 in Hexes
  5086 | D:6      | Reached skill level 3 in Summonings
  5086 | D:6      | Reached skill level 3 in Necromancy
  5086 | D:6      | Reached skill level 3 in Translocations
  5086 | D:6      | Reached skill level 3 in Transmutations
  5086 | D:6      | Reached skill level 3 in Fire Magic
  5086 | D:6      | Reached skill level 3 in Ice Magic
  5086 | D:6      | Reached skill level 3 in Air Magic
  5086 | D:6      | Reached skill level 3 in Earth Magic
  5086 | D:6      | Reached skill level 3 in Poison Magic
  5086 | D:6      | Reached skill level 4 in Invocations
  5194 | D:6      | Reached skill level 6 in Polearms
  5384 | D:6      | Reached XP level 9. HP: 72/72 MP: 14/14
  5607 | D:6      | Reached skill level 4 in Short Blades
  5607 | D:6      | Reached skill level 4 in Long Blades
  5607 | D:6      | Reached skill level 4 in Axes
  5607 | D:6      | Reached skill level 4 in Maces & Flails
  5607 | D:6      | Reached skill level 4 in Staves
  5607 | D:6      | Reached skill level 4 in Slings
  5607 | D:6      | Reached skill level 4 in Bows
  5607 | D:6      | Reached skill level 4 in Crossbows
  5607 | D:6      | Reached skill level 4 in Throwing
  5607 | D:6      | Reached skill level 4 in Dodging
  5607 | D:6      | Reached skill level 4 in Stealth
  5607 | D:6      | Reached skill level 4 in Unarmed Combat
  5607 | D:6      | Reached skill level 4 in Spellcasting
  5607 | D:6      | Reached skill level 4 in Evocations
  6262 | D:7      | Found a staircase to the Ecumenical Temple.
  6289 | Temple   | Entered the Ecumenical Temple
  6311 | Temple   | Became a worshipper of Gozag Ym Sagoz the Greedy
  6471 | D:7      | Found a glowing silver altar of Zin.
  6957 | D:7      | Found Ontyghil's Antique Armour Emporium.
  6963 | D:7      | Bought a runed cloak for 157 gold pieces
  7335 | D:8      | Found a staircase to the Lair.
  7335 | D:8      | Noticed a death yak
  7335 | D:8      | Noticed a death yak
  7335 | D:8      | Noticed a death yak
  7335 | D:8      | Noticed a death yak
  7336 | D:8      | Noticed a death yak
  7336 | D:8      | Noticed a death yak
  7341 | D:8      | Reached skill level 8 in Fighting
  7341 | D:8      | Reached skill level 8 in Armour
  7341 | D:8      | Reached skill level 8 in Shields
  7368 | D:7      | HP: 10/74 [death yak (9)]
  7379 | D:7      | Killed a death yak
  7379 | D:7      | Reached skill level 5 in Invocations
  7383 | D:7      | HP: 18/74 [death yak (7)]
  7384 | D:7      | Killed a death yak
  7384 | D:7      | Reached skill level 5 in Short Blades
  7384 | D:7      | Reached skill level 5 in Long Blades
  7384 | D:7      | Reached skill level 5 in Axes
  7384 | D:7      | Reached skill level 5 in Maces & Flails
  7384 | D:7      | Reached skill level 5 in Staves
  7384 | D:7      | Reached skill level 5 in Slings
  7384 | D:7      | Reached skill level 5 in Bows
  7384 | D:7      | Reached skill level 5 in Crossbows
  7384 | D:7      | Reached skill level 5 in Throwing
  7384 | D:7      | Reached skill level 5 in Dodging
  7384 | D:7      | Reached skill level 5 in Stealth
  7384 | D:7      | Reached skill level 5 in Unarmed Combat
  7384 | D:7      | Reached skill level 5 in Spellcasting
  7384 | D:7      | Reached skill level 4 in Conjurations
  7384 | D:7      | Reached skill level 4 in Hexes
  7384 | D:7      | Reached skill level 4 in Summonings
  7384 | D:7      | Reached skill level 4 in Necromancy
  7384 | D:7      | Reached skill level 4 in Translocations
  7384 | D:7      | Reached skill level 4 in Transmutations
  7384 | D:7      | Reached skill level 4 in Fire Magic
  7384 | D:7      | Reached skill level 4 in Ice Magic
  7384 | D:7      | Reached skill level 4 in Air Magic
  7384 | D:7      | Reached skill level 4 in Earth Magic
  7384 | D:7      | Reached skill level 4 in Poison Magic
  7384 | D:7      | Reached skill level 5 in Evocations
  7384 | D:7      | Reached XP level 10. HP: 19/81 MP: 15/17
  7560 | D:8      | Noticed Grum
  7585 | D:8      | Killed Grum
  7634 | D:8      | Reached skill level 7 in Polearms
  8122 | Lair:1   | Entered Level 1 of the Lair of Beasts
  8203 | Lair:1   | Noticed Urug
  8203 | Lair:1   | Noticed a seven-headed hydra
  8210 | Lair:1   | Killed a seven-headed hydra
  8250 | Lair:1   | Killed Urug
  8250 | Lair:1   | Reached skill level 6 in Invocations
  8390 | Lair:1   | Noticed a black mamba
  8413 | Lair:1   | Killed a black mamba
  8698 | Lair:1   | Reached XP level 11. HP: 82/87 MP: 19/19
  8739 | Lair:1   | Reached skill level 9 in Fighting
  8739 | Lair:1   | Reached skill level 6 in Short Blades
  8739 | Lair:1   | Reached skill level 6 in Long Blades
  8739 | Lair:1   | Reached skill level 6 in Axes
  8739 | Lair:1   | Reached skill level 6 in Maces & Flails
  8739 | Lair:1   | Reached skill level 6 in Staves
  8739 | Lair:1   | Reached skill level 6 in Slings
  8739 | Lair:1   | Reached skill level 6 in Bows
  8739 | Lair:1   | Reached skill level 6 in Crossbows
  8739 | Lair:1   | Reached skill level 6 in Throwing
  8739 | Lair:1   | Reached skill level 9 in Armour
  8739 | Lair:1   | Reached skill level 6 in Dodging
  8739 | Lair:1   | Reached skill level 6 in Stealth
  8739 | Lair:1   | Reached skill level 9 in Shields
  8739 | Lair:1   | Reached skill level 6 in Unarmed Combat
  8739 | Lair:1   | Reached skill level 6 in Spellcasting
  8739 | Lair:1   | Reached skill level 6 in Evocations
  8873 | Lair:1   | Reached skill level 5 in Conjurations
  8873 | Lair:1   | Reached skill level 5 in Hexes
  8873 | Lair:1   | Reached skill level 5 in Summonings
  8873 | Lair:1   | Reached skill level 5 in Necromancy
  8873 | Lair:1   | Reached skill level 5 in Translocations
  8873 | Lair:1   | Reached skill level 5 in Transmutations
  8873 | Lair:1   | Reached skill level 5 in Fire Magic
  8873 | Lair:1   | Reached skill level 5 in Ice Magic
  8873 | Lair:1   | Reached skill level 5 in Air Magic
  8873 | Lair:1   | Reached skill level 5 in Earth Magic
  8873 | Lair:1   | Reached skill level 5 in Poison Magic
  9119 | Lair:1   | Noticed Erica
  9140 | Lair:1   | HP: 8/89 [something/bolt of poison (23)]
  9157 | Lair:1   | HP: 17/89 [Erica/lance of force (9)]
  9162 | Lair:1   | Killed Erica
  9605 | Lair:2   | Noticed Nergalle
  9624 | Lair:2   | Noticed a spectral orc warlord
  9624 | Lair:2   | Noticed a spectral orc warlord
  9633 | Lair:2   | Killed Nergalle
  9634 | Lair:2   | HP: 22/89 [porcupine (3)]
  9880 | Lair:2   | Reached skill level 7 in Invocations
  9943 | Lair:2   | Reached skill level 8 in Polearms
 10519 | Lair:2   | Found a hole to the Spider Nest.
 11199 | Lair:2   | Reached XP level 12. HP: 82/96 MP: 22/22
 11582 | Lair:3   | Reached skill level 7 in Short Blades
 11582 | Lair:3   | Reached skill level 7 in Long Blades
 11582 | Lair:3   | Reached skill level 7 in Axes
 11582 | Lair:3   | Reached skill level 7 in Maces & Flails
 11582 | Lair:3   | Reached skill level 7 in Staves
 11582 | Lair:3   | Reached skill level 7 in Slings
 11582 | Lair:3   | Reached skill level 7 in Bows
 11582 | Lair:3   | Reached skill level 7 in Crossbows
 11582 | Lair:3   | Reached skill level 7 in Throwing
 11582 | Lair:3   | Reached skill level 7 in Dodging
 11582 | Lair:3   | Reached skill level 7 in Stealth
 11582 | Lair:3   | Reached skill level 7 in Unarmed Combat
 11582 | Lair:3   | Reached skill level 7 in Spellcasting
 11582 | Lair:3   | Reached skill level 7 in Evocations
 11590 | Lair:3   | Found a frozen archway.
 11627 | IceCv    | Entered an ice cave
 11685 | IceCv    | Reached skill level 10 in Fighting
 11685 | IceCv    | Reached skill level 9 in Polearms
 11685 | IceCv    | Reached skill level 10 in Armour
 11685 | IceCv    | Reached skill level 10 in Shields
 11685 | IceCv    | Reached skill level 6 in Conjurations
 11685 | IceCv    | Reached skill level 6 in Hexes
 11685 | IceCv    | Reached skill level 6 in Summonings
 11685 | IceCv    | Reached skill level 6 in Necromancy
 11685 | IceCv    | Reached skill level 6 in Translocations
 11685 | IceCv    | Reached skill level 6 in Transmutations
 11685 | IceCv    | Reached skill level 6 in Fire Magic
 11685 | IceCv    | Reached skill level 6 in Ice Magic
 11685 | IceCv    | Reached skill level 6 in Air Magic
 11685 | IceCv    | Reached skill level 6 in Earth Magic
 11685 | IceCv    | Reached skill level 6 in Poison Magic
 11685 | IceCv    | Reached skill level 8 in Invocations
 11685 | IceCv    | Reached XP level 13. HP: 28/103 MP: 22/24
 11687 | IceCv    | HP: 25/103 [ice devil (5)]
 11687 | IceCv    | HP: 7/103 [ice devil (18)]
 11884 | IceCv    | HP: 19/103 [ice devil (8)]
 11885 | IceCv    | HP: 9/103 [ice beast[an ice statue] (8)]
 11885 | IceCv    | Slain by an ice devil

Illustrated notes

Levels and vault maps discovered:
D:1:      matt_arrival_spirals, layout_basic, minmay_tromino_i4
D:2:      layout_basic, riverfiend_overflow_shadow_ancestor, elyvilon_altar_4,
          hangedman_decor_opposing
D:3:      layout_rooms, lemuel_doored_altar
D:4:      layout_layer_cave
D:5:      layout_cave_pods, kiku_gazebo_garden_becter,
          chequers_serial_rivers_micro_d, uniq_menkaure
D:6:      layout_layer_cave, moated_statue, uniq_prince_ribbit1, uniq_duvessa
D:7:      layout_basic, zin_scriptorium, minmay_temple_entry_waves,
          serial_shops, kennysheep_little_box
D:8:      layout_gridville, dpeg_lair_monsters, serial_shops,
          nicolae_shop_crystal, uniq_maggie, uniq_grum
Temple:   eino_temple_water
Lair:1:   layout_concentric_octagons, serial_bayou_shore_b, uniq_urug,
          uniq_erica
Lair:2:   layout_cave_pods, spider_nest_entry_webs, beast_lair_carwin_4,
          lemuel_fruit_tree, grunt_megastairs_5, infiniplex_staircase_pool_2,
          uniq_nergalle
Lair:3:   layout_cave_pods, gammafunk_ghost_hydra_chop,
          portal_ice_cave_entry_imps, fungi_pond_lemuel
IceCv:    ice_cave_tombish

Skill      XL: |  1  2  3  4  5  6  7  8  9 10 11 12 |
---------------+-------------------------------------+-----
Invocations    | 1 2 3 4 5 6 7 8 |  8.4
Short Blades   | 1 2 3 5 6 7 |  7.7
Long Blades    | 1 2 3 5 6 7 |  7.7
Axes           | 1 2 3 5 6 7 |  7.7
Maces & Flails | 1 2 3 5 6 7 |  7.7
Staves         | 1 2 3 5 6 7 |  7.7
Slings         | 1 2 3 5 6 7 |  7.7
Bows           | 1 2 3 5 6 7 |  7.7
Crossbows      | 1 2 3 5 6 7 |  7.7
Throwing       | 1 2 3 5 6 7 |  7.7
Dodging        | 1 2 3 5 6 7 |  7.7
Stealth        | 1 2 3 5 6 7 |  7.7
Unarmed Combat | 1 2 3 5 6 7 |  7.7
Spellcasting   | 1 2 3 5 6 7 |  7.7
Evocations     | 1 2 3 5 6 7 |  7.7
Conjurations   | 1 2 3 4 5 6 |  6.4
Hexes          | 1 2 3 4 5 6 |  6.4
Summonings     | 1 2 3 4 5 6 |  6.4
Necromancy     | 1 2 3 4 5 6 |  6.4
Translocations | 1 2 3 4 5 6 |  6.4
Transmutations | 1 2 3 4 5 6 |  6.4
Fire Magic     | 1 2 3 4 5 6 |  6.4
Ice Magic      | 1 2 3 4 5 6 |  6.4
Air Magic      | 1 2 3 4 5 6 |  6.4
Earth Magic    | 1 2 3 4 5 6 |  6.4
Poison Magic   | 1 2 3 4 5 6 |  6.4
Polearms       | 5 6 7 8 9 |  9.0
Fighting       | 7 8 9 10 | 10.1
Armour         | 7 8 9 10 | 10.1
Shields        | 7 8 9 10 | 10.1

Action                   |  1- 3 |  4- 6 |  7- 9 | 10-12 | 13-15 || total
-------------------------+-------+-------+-------+-------+-------++-------
Melee: Trident           |   112 |    88 |    16 |    70 |       ||   286
       Bite              |     8 |     5 |    52 |   102 |    11 ||   178
       Short sword       |       |       |   292 |   549 |       ||   841
       Scimitar          |       |       |       |    26 |    39 ||    65
Throw: Dart              |    29 |    87 |   190 |    87 |       ||   393
Invok: Call Merchant     |       |       |       |     1 |       ||     1
Evoke: Wand              |       |       |       |     2 |       ||     2
  Use: Scroll            |     7 |     3 |     9 |     4 |       ||    23
       Potion            |       |       |     4 |    12 |     3 ||    19
 Stab: Distracted        |       |       |       |     2 |       ||     2
Armor: Scale mail        |     3 |       |       |       |       ||     3
       Plate armour      |    46 |    23 |   136 |   264 |    27 ||   496
Dodge: Dodged            |    14 |     6 |    47 |   175 |    30 ||   272
Block: Kite shield       |    63 |    28 |   119 |   349 |    30 ||   589
       Rpst.: Scimitar   |       |       |       |     7 |     9 ||    16

Table legend: (Time is in decaauts)
 A = Elapsed time spent in this place.
 B = Non-inter-level travel time spent in this place.
 C = Inter-level travel time spent in this place.
 D = Time resting spent in this place.
 E = Time spent auto-exploring this place.
 F = Levels seen in this place.
 G = Mean time per level.
                   A        B        C        D        E       F      G
               +--------+--------+--------+--------+--------+-----+--------+
         Total |  11767 |  11139 |    628 |    103 |   8250 |  13 |  905.2 |
       Dungeon |   8088 |   7602 |    486 |     60 |   5821 |   8 | 1011.0 |
        Temple |     32 |     21 |     11 |      0 |     11 |   1 |   32.0 |
          Lair |   3384 |   3253 |    131 |     43 |   2262 |   3 | 1128.0 |
      Ice Cave |    261 |    261 |      0 |      0 |    156 |   1 |  261.0 |
               +--------+--------+--------+--------+--------+-----+--------+

Top non-repeatable levels by time:
  Lair:2: 1694 daAuts
  Lair:1: 1612 daAuts
     D:6: 1489 daAuts
     D:7: 1372 daAuts
     D:4: 1047 daAuts
     D:3: 985 daAuts
     D:5: 984 daAuts
     D:1: 890 daAuts
     D:2: 887 daAuts
     D:8: 431 daAuts
   IceCv: 261 daAuts
  Lair:3: 77 daAuts
  Temple: 32 daAuts

Table legend:
 A = Kills in this place as a percentage of kills in entire the game.
 B = Kills by you in this place as a percentage of kills by you in the entire game.
 C = Kills by friends in this place as a percentage of kills by friends in the entire game.
 D = Other kills in this place as a percentage of other kills in the entire game.
 E = Experience gained in this place as a percentage of experience gained in the entire game.
 F = Experience gained in this place divided by the number of levels of this place that you have seen.
                   A       B       C       D       E      F
               +-------+-------+-------+-------+-------+----------------------
         Total | 100.0 | 100.0 | 100.0 |   N/A | 100.0 | 1637.1
       Dungeon |  69.2 |  70.2 |   0.0 |   N/A |  30.1 | 800.8
        Temple |   0.5 |   0.5 |   0.0 |   N/A |   0.0 |   2.0
          Lair |  28.5 |  27.5 | 100.0 |   N/A |  63.8 | 4522.7
      Ice Cave |   1.8 |   1.8 |   0.0 |   N/A |   6.1 | 1306.0
               +-------+-------+-------+-------+-------+----------------------
